 Dungeon Crawl Stone Soup version 0.30.1-4-g462c640d31 (webtiles) character file.

Game seed: 3758840150004364830

35048 nonceun the Severer (level 13, -5/124 HPs)
             Began as a Minotaur Berserker on Sept 7, 2023.
             Was a High Priest of Trog.
             Slain by an eight-headed hydra (6 damage)
             ... on level 5 of the Lair of Beasts.
             The game lasted 00:51:51 (16267 turns).

nonceun the Severer (Minotaur Berserker)           Turns: 16267, Time: 00:51:52

Health: -5/124     AC: 22    Str: 22    XL:     13   Next: 45%
Magic:  0/12       EV: 10    Int:  4    God:    Trog [*****.]
Gold:   964        SH:  0    Dex: 19    Spells: 12/12 levels left

rFire   . . .        b - +10 dark maul {heavy}
rCold   . . .        (shield currently unavailable)
rNeg    . . .        h - +0 plate armour
rPois   +            P - +2 hat {Will+}
rElec   .            E - +1 cloak
rCorr   .            A - +0 pair of gloves
SInv    .            (no boots)
Will    +++..        X - amulet of guardian spirit Stlth
                     i - ring of poison resistance
HPRegen 1.40/turn    y - +4 ring of slaying
MPRegen 0.13/turn

%: guardian spirit
@: strong-willed, regenerating
A: horns 2, retaliatory headbutt, iridescent scales 1, agile 2
a: Renounce Religion, Berserk, Trog's Hand, Brothers in Arms


You were on level 5 of the Lair of Beasts.
You worshipped Trog.
Trog was extremely pleased with you.
You visited 2 branches of the dungeon, and saw 16 of its levels.
You also visited: Sewer.

You collected 1012 gold pieces.
You spent 48 gold pieces at shops.

Inventory:

Hand Weapons
 a - a +0 broad axe
 b - the +10 dark maul (weapon) {heavy}
   (You found it on level 11 of the Dungeon)
 S - a +1 dire flail of holy wrath
Armour
 h - a +0 plate armour (worn)
 A - a +0 pair of gloves (worn)
 E - a +1 cloak (worn)
 P - a +2 hat of willpower (worn)
 W - a +0 buckler
Jewellery
 i - a ring of poison resistance (left hand)
 q - a ring of fire
 y - a +4 ring of slaying (right hand)
 z - a +4 ring of protection
 I - a ring of fire
 K - a ring of willpower
 U - a ring of ice
 X - an amulet of guardian spirit (around neck)
 Y - an amulet of the acrobat
Wands
 g - a wand of iceblast (8)
 F - a wand of quicksilver (4) (quivered)
 L - a wand of charming (12)
 Q - a wand of digging (2)
 T - a wand of mindburst (11)
 V - a wand of polymorph (2)
Scrolls
 c - 6 scrolls of fear {unknown}
 r - a scroll of torment
 v - 2 scrolls of poison
 w - a scroll of blinking
 x - 4 scrolls of enchant weapon
 B - 7 scrolls of teleportation {unknown}
 C - 2 scrolls of fog
 G - 4 scrolls of enchant armour {unknown}
 J - 3 scrolls of magic mapping
 M - 3 scrolls of immolation
 O - a scroll of vulnerability
 R - 2 scrolls of brand weapon
Potions
 d - 4 potions of flight
 j - 3 potions of mutation
 k - 2 potions of invisibility
 l - 3 potions of might
 m - 6 potions of haste {unknown}
 o - 9 potions of curing {unknown}
 p - 2 potions of cancellation
 s - 2 potions of attraction
 t - 3 potions of lignification
 D - 4 potions of heal wounds
 H - 5 potions of resistance
Miscellaneous
 N - a lightning rod (4/4)


   Skills:
 + Level 14.2 Fighting
 - Level 18.0 Axes
 + Level 10.4 Armour
 + Level 7.1 Dodging
 * Level 5.1 Shields
 - Level 7.0 Evocations


You had 12 spell levels left.
You didn't know any spells.
Your spell library contained the following spells:

 Spells                   Type           Power      Damage    Failure   Level
 Magic Dart               Conj           0%         1d3       100%        1
 Sting                    Tmut/Pois      0%         1d3       100%        1
 Call Imp                 Summ           0%         N/A       100%        2
 Poisonous Vapours        Pois/Air       0%         N/A       100%        2
 Searing Ray              Conj           0%         2d4       100%        2
 Mephitic Cloud           Conj/Pois/Air  0%         N/A       100%        3
 Volatile Blastmotes      Fire/Tloc      0%         2d10      100%        3
 Animate Armour           Summ/Erth      0%         N/A       100%        4
 Fulminant Prism          Conj/Hex       0%         3d5       100%        4
 Iskenderun's Mystic Bla  Conj/Tloc      0%         2d3       100%        4
 Olgreb's Toxic Radiance  Pois           0%         N/A       100%        4
 Blade Hands              Tmut           0%         N/A       100%        5
 Freezing Cloud           Conj/Ice/Air   0%         6-21      100%        5
 Lee's Rapid Deconstruct  Erth           0%         3d4*      100%        5
 Iron Shot                Conj/Erth      0%         9d1       100%        6


Dungeon Overview and Level Annotations

Branches:
Dungeon (11/15)            Temple (0/1) D:5            Lair (5/5) D:9
  Swamp (0/4) Lair:3       Spider (0/4) Lair:2          Orc (0/2) D:10
  Sewer (visited)
  Slime: Lair:4-5

Altars:
Elyvilon
Fedhas
Qazlal
Ru
Sif Muna
Uskayaw
Wu Jian
Xom
Zin
Jiyva

Shops:
D:5 *   D:8 *

Annotations:
Lair:2 exclusion: oklob plant
Lair:5 3 runed translucent doors, erynZofia's ghost, journeyman FoHu


Innate Abilities, Weirdness & Mutations

You have a pair of horns on your head.
You reflexively headbutt those who attack you in melee.
You are partially covered in iridescent scales. (AC +2)
You are very agile. (Dex +8, Str/Int -2)


Message History

The eight-headed hydra is severely wounded.
The eight-headed hydra bites you!
The eight-headed hydra bites you but does no damage. x2
The eight-headed hydra bites you.
The eight-headed hydra bites you but does no damage.
The eight-headed hydra bites you.
The eight-headed hydra bites you but does no damage. x2
The eight-headed hydra bites you.
The eight-headed hydra barely misses you.
The eight-headed hydra bites you but does no damage. x2
The eight-headed hydra bites you.
The eight-headed hydra closely misses you.
The eight-headed hydra bites you but does no damage. x2
The eight-headed hydra bites you.
The eight-headed hydra barely misses you.
The eight-headed hydra bites you.
The eight-headed hydra bites you but does no damage.
The eight-headed hydra bites you!
The eight-headed hydra bites you but does no damage.
The eight-headed hydra bites you!
* * * LOW HITPOINT WARNING * * *
The eight-headed hydra bites you.
* * * LOW HITPOINT WARNING * * *
Your skin crawls.
You feel strong-willed.
The eight-headed hydra bites you but does no damage.
The eight-headed hydra bites you!
* * * LOW HITPOINT WARNING * * *
The eight-headed hydra bites you but does no damage. x2
The eight-headed hydra bites you!
* * * LOW HITPOINT WARNING * * *
The eight-headed hydra bites you.
* * * LOW HITPOINT WARNING * * *
The eight-headed hydra bites you but does no damage. x2
Unknown command.
Your ogre goes berserk!
The eight-headed hydra bites you.
* * * LOW HITPOINT WARNING * * *
The eight-headed hydra misses you. The eight-headed hydra bites you.
You die...

##....##...P##....#
#...............##
##..............##
###.............#
###...........# ..#
##.........##
.....###..........#
......lD#.O.......#
......l#@#........#
.....#####........##
.... ##..........#
... #..........(# ..
#..........### .
##...........#
#...[......#
#.........###
##........#.#


You could see an eight-headed hydra (ally target), a wyvern and a friendly ogre
(summoned, berserk).

Vanquished Creatures
  Gastronok (D:10)
  A stone giant (D:11)
  A catoblepas (Lair:1)
  2 boulder beetles
  A hydra (Lair:2)
  6 two-headed ogres
  A pharaoh ant (Lair:2)
  A bog body (Lair:3)
  A cyclops (D:11)
  3 elephants (Lair:4)
  3 black mambas
  8 cane toads
  5 gargoyles (D:11)
  A komodo dragon (Lair:3)
  A troll (D:9)
  3 hornets
  A polar bear (Lair:2)
  A tarantella (Lair:2)
  34 blink frogs
  6 dream sheep (Lair:3)
  2 jumping spiders (Lair:2)
  2 wraiths
  4 wyverns
  5 humans (D:7)
  12 yaks
  3 basilisks
  A steam dragon (D:7)
  2 acid dragons
  11 water moccasins
  3 ice beasts
  2 sky beasts
  2 orc warriors
  3 black bears
  12 wolves
  5 centaurs
  A phantom (D:6)
  4 kobold brigands
  22 bullfrogs
  3 scorpions
  10 wights
  5 killer bees (D:11)
  4 howler monkeys
  A hound (D:5)
  A gnoll bouda (D:8)
  2 orc priests
  3 jellies
  8 iguanas
  A sleepcap (D:6)
  8 orc wizards
  13 gnolls
  7 adders
  2 river rats
  An ufetubus (D:6)
  6 worms
  A dart slug (D:1)
  24 orcs
  A bat (D:2)
  10 endoplasms
  6 giant cockroaches
  6 goblins
  2 hobgoblins
  2 jackals (D:3)
  21 kobolds
  4 quokkas
  8 ball pythons
  6 frilled lizards
  9 rats
  A butterfly (D:10)
353 creatures vanquished.

Vanquished Creatures (others)
  An orc wizard (D:11)
1 creature vanquished.

Grand Total: 354 creatures vanquished

Notes
Turn   | Place    | Note
-------+----------+-------------------------------------------
     0 | D:1      | nonceun the Minotaur Berserker began the quest for the Orb.
     0 | D:1      | Reached XP level 1. HP: 19/19 MP: 0/0
     8 | D:1      | Noticed a merfolk zombie
    11 | D:1      | Noticed a minotaur zombie
    15 | D:1      | Noticed a minotaur zombie
    17 | D:1      | Noticed a minotaur zombie
    19 | D:1      | Noticed a merfolk zombie
   271 | D:1      | Reached skill level 4 in Axes
   496 | D:1      | Reached XP level 2. HP: 12/26 MP: 1/1
  1278 | D:2      | Reached skill level 5 in Axes
  1278 | D:2      | Reached XP level 3. HP: 27/31 MP: 2/2
  1296 | D:2      | Found a faded altar of an unknown god.
  2197 | D:3      | Reached ** piety under Trog
  2203 | D:3      | Reached skill level 6 in Axes
  2203 | D:3      | Reached XP level 4. HP: 32/39 MP: 3/3
  2213 | D:3      | Found a glowing drain.
  2217 | Sewer    | Entered a sewer
  2386 | Sewer    | Found a viscous altar of Jiyva.
  2401 | Sewer    | Reached XP level 5. HP: 45/45 MP: 4/4
  2470 | Sewer    | Reached skill level 7 in Axes
  3020 | D:4      | Reached skill level 8 in Axes
  3020 | D:4      | Reached XP level 6. HP: 37/52 MP: 5/5
  3387 | D:4      | Reached *** piety under Trog
  3748 | D:5      | Entered Level 5 of the Dungeon
  3792 | D:5      | Found Joyfyc Jille's Mayhem Merchandise.
  3865 | D:5      | Reached skill level 9 in Axes
  4041 | D:5      | Reached XP level 7. HP: 60/60 MP: 6/6
  4074 | D:5      | Found a staircase to the Ecumenical Temple.
  4095 | D:5      | Reached skill level 10 in Axes
  4101 | D:5      | Reached skill level 5 in Fighting
  4611 | D:5      | Found a shimmering blue altar of Sif Muna.
  4684 | D:5      | Bought a +0 broad axe for 48 gold pieces
  4748 | D:6      | Reached XP level 8. HP: 18/71 MP: 7/7
  5563 | D:6      | Reached skill level 5 in Armour
  5878 | D:6      | Reached skill level 11 in Axes
  5989 | D:7      | Reached XP level 9. HP: 75/81 MP: 8/8
  6595 | D:7      | Reached skill level 12 in Axes
  6595 | D:7      | Reached skill level 5 in Dodging
  6918 | D:7      | Found a white marble altar of Elyvilon.
  7103 | D:8      | Found Sokac's Island Escapes.
  7217 | D:8      | Found a hide-covered altar of Uskayaw.
  7453 | D:8      | Reached XP level 10. HP: 35/88 MP: 9/9
  8278 | D:9      | Noticed a two-headed ogre
  8285 | D:9      | Killed a two-headed ogre
  8286 | D:9      | Reached skill level 13 in Axes
  8329 | D:9      | Found a sacrificial altar of Ru.
  8329 | D:9      | Found a glowing silver altar of Zin.
  8378 | D:9      | Reached **** piety under Trog
  8473 | D:9      | Reached skill level 10 in Fighting
  8539 | D:9      | Found a staircase to the Lair.
  8540 | D:9      | Found a stormy altar of Qazlal.
  9156 | D:10     | Entered Level 10 of the Dungeon
  9197 | D:10     | Found a blossoming altar of Fedhas.
  9270 | D:10     | Reached skill level 14 in Axes
  9283 | D:10     | Noticed Gastronok
  9298 | D:10     | Killed Gastronok
  9299 | D:10     | Reached skill level 1 in Evocations
  9299 | D:10     | Reached XP level 11. HP: 94/101 MP: 10/10
  9349 | D:10     | Found a staircase to the Orcish Mines.
  9436 | D:10     | Found a shimmering altar of Xom.
 10084 | D:11     | Noticed a two-headed ogre
 10085 | D:11     | Noticed a stone giant
 10096 | D:11     | Killed a two-headed ogre
 10096 | D:11     | Noticed a two-headed ogre
 10099 | D:11     | Killed a stone giant
 10102 | D:11     | Noticed a boulder beetle
 10108 | D:11     | Killed a two-headed ogre
 10109 | D:11     | Reached skill level 15 in Axes
 10117 | D:11     | Killed a boulder beetle
 10946 | D:11     | Noticed a two-headed ogre
 10954 | D:11     | Killed a two-headed ogre
 11084 | D:11     | Noticed a two-headed ogre
 11090 | D:11     | Killed a two-headed ogre
 11151 | D:11     | Noticed a two-headed ogre
 11169 | D:11     | Killed a two-headed ogre
 11170 | D:11     | Reached skill level 5 in Evocations
 11442 | D:11     | Reached XP level 12. HP: 111/111 MP: 11/11
 11529 | Lair:1   | Entered Level 1 of the Lair of Beasts
 11529 | Lair:1   | Noticed a catoblepas
 11539 | Lair:1   | Killed a catoblepas
 11557 | Lair:1   | Reached skill level 10 in Armour
 11727 | Lair:1   | Reached skill level 16 in Axes
 11789 | Lair:1   | You fall into a shaft and drop 1 floor!
 11895 | Lair:2   | Found a hole to the Spider Nest.
 12125 | Lair:2   | Noticed a five-headed hydra
 12853 | Lair:1   | Reached skill level 17 in Axes
 13274 | Lair:2   | Killed a five-headed hydra
 13293 | Lair:2   | Reached ***** piety under Trog
 13744 | Lair:2   | Found an ornate altar of the Wu Jian Council.
 13744 | Lair:2   | Noticed a boulder beetle
 13746 | Lair:2   | Found a hide-covered altar of Uskayaw.
 13750 | Lair:2   | Killed a boulder beetle
 14194 | Lair:3   | Reached XP level 13. HP: 122/122 MP: 12/12
 14268 | Lair:3   | Found a staircase to the Swamp.
 15230 | Lair:4   | Reached skill level 18 in Axes
 15237 | Lair:4   | Reached skill level 1 in Shields
 15850 | Lair:5   | Entered Level 5 of the Lair of Beasts
 15864 | Lair:5   | Found a runed translucent gate.
 15864 | Lair:5   | Found a runed translucent gate.
 15864 | Lair:5   | Found a runed translucent gate.
 15865 | Lair:5   | Noticed an acid blob
 15865 | Lair:5   | Noticed an acid blob
 15865 | Lair:5   | Noticed an azure jelly
 15869 | Lair:5   | Noticed an acid blob
 15870 | Lair:5   | Noticed erynZofia's ghost (journeyman FoHu)
 15870 | Lair:5   | Noticed an azure jelly
 15871 | Lair:5   | Noticed a rockslime
 15873 | Lair:5   | Found a viscous altar of Jiyva.
 15955 | Lair:5   | Reached skill level 5 in Shields
 16085 | Lair:5   | Gained mutation: You are frail. (-10% HP) [potion of
                  | mutation]
 16085 | Lair:5   | Gained mutation: Your magical capacity is low. (-10% MP)
                  | [potion of mutation]
 16085 | Lair:5   | Gained mutation: You are agile. (Dex +4, Str/Int -1)
                  | [potion of mutation]
 16086 | Lair:5   | Lost mutation: You are agile. (Dex +4, Str/Int -1) [potion
                  | of mutation]
 16086 | Lair:5   | Lost mutation: Your magical capacity is low. (-10% MP)
                  | [potion of mutation]
 16086 | Lair:5   | Gained mutation: You have large cloven feet. [potion of
                  | mutation]
 16086 | Lair:5   | Gained mutation: You are partially covered in iridescent
                  | scales. (AC +2) [potion of mutation]
 16087 | Lair:5   | Lost mutation: You have large cloven feet. [potion of
                  | mutation]
 16087 | Lair:5   | Lost mutation: You are frail. (-10% HP) [potion of
                  | mutation]
 16087 | Lair:5   | Gained mutation: You are agile. (Dex +4, Str/Int -1)
                  | [potion of mutation]
 16087 | Lair:5   | Gained mutation: You are very agile. (Dex +8, Str/Int -2)
                  | [potion of mutation]
 16266 | Lair:5   | HP: 5/124 [eight-headed hydra (4)]
 16267 | Lair:5   | HP: 1/124 [eight-headed hydra (6)]
 16267 | Lair:5   | Slain by an eight-headed hydra

Illustrated notes

Levels and vault maps discovered:
D:1:      shiori_arrival_whats_in_store_for_you, layout_basic
D:2:      minmay_wonky_spiral, layout_basic, shapermc_ecumenical_altar_gd,
          solitary_fountain, kennysheep_generic_room_12
D:3:      layout_basic, gup_sewer_entry_bowl, kennysheep_generic_room_15
D:4:      layout_basic
D:5:      layout_loops_ring, lemuel_blue_sif_altar,
          minmay_temple_entry_junction, minmay_shop_mayhem, saegor_snake_ambush
D:6:      black_bear_nest_2, layout_basic, minivault_14,
          chequers_serial_rivers_small_a, nrook_mini_backslash
D:7:      layout_basic, general_overflow_altar, minmay_ruffians
D:8:      layout_basic, mainiacjoe_overflow_cross_hatched,
          nicolae_island_escapes
D:9:      layout_irregular_city, nicolae_overflow_two_pavilions,
          overflow_temple_1_default, due_lair_maze_entry_diamond
D:10:     layout_loops_ring, xom_butterflies, fedhas_bush_and_centaur_altar,
          grunt_decor_resistance, nicolae_benzene_ring, uniq_gastronok
D:11:     minmay_roctagon, layout_loops_ring
Lair:1:   layout_regular_city
Lair:2:   minmay_lair_oklob_tunnel, layout_regular_city,
          nicolae_spider_entry_lesser_pyramids, nzn_masters_of_martial_movement,
          lemuel_fruit_tree
Lair:3:   layout_cave_shapes, skrybe_swamp_entry_bodies
Lair:4:   layout_cave_shapes
Lair:5:   cheibrodos_lair_end_hotspot, layout_regular_city,
          dpeg_slime_entry_corner, gammafunk_ghost_ooze, nzn_sisyphean_effort

Skill      XL: |  1  2  3  4  5  6  7  8  9 10 11 12 13 |
---------------+----------------------------------------+-----
Axes           | 4 5 6 8 9 10 11 12 14 15 17 18 | 18.0
Fighting       | 4 6 8 10 11 13 14 | 14.2
Armour         | 3 5 7 8 9 10 | 10.4
Dodging        | 3 5 7 |  7.1
Evocations     | 1 5 6 7 |  7.0
Shields        | 5 |  5.1

Action                     |  1- 3 |  4- 6 |  7- 9 | 10-12 | 13-15 || total
---------------------------+-------+-------+-------+-------+-------++-------
  Melee: Hand axe          |   102 |     4 |       |       |       ||   106
         Headbutt          |    13 |    18 |    33 |   103 |    38 ||   205
         War axe           |       |   124 |    38 |       |       ||   162
         Broad axe         |       |       |   175 |   435 |   143 ||   753
         Punch             |       |       |     3 |     3 |     2 ||     8
         Maul              |       |       |       |    12 |     2 ||    14
 Invoke: Berserk           |       |       |     1 |     4 |       ||     5
         Trog's Hand       |       |       |     1 |     8 |     1 ||    10
         Brothers in Arms  |       |       |       |       |     1 ||     1
    Use: Scroll            |       |       |       |       |    21 ||    21
         Potion            |       |       |       |       |     3 ||     3
   Stab: Distracted        |       |       |       |     1 |       ||     1
 Armour: Animal skin       |     3 |       |       |       |       ||     3
         Leather armour    |     7 |       |       |       |       ||     7
         Plate armour      |    17 |    74 |   121 |   262 |    95 ||   569
  Dodge: Dodged            |    27 |    29 |    86 |   204 |    55 ||   401
  Block: Buckler           |       |       |       |       |    20 ||    20
